 Dungeon Crawl Stone Soup version 0.30-a0-360-g447f08457e (webtiles) character file.

Game seed: 11961190980569588552

29 arthad the Chucker (level 3, -1/28 HPs)
             Began as a Gnoll Wanderer on Nov 13, 2022.
             Succumbed to a goblin's poison
             ... on level 1 of the Dungeon.
             The game lasted 00:01:08 (258 turns).

arthad the Chucker (Gnoll Wanderer)                  Turns: 258, Time: 00:01:08

Health: -1/28      AC:  2    Str:  7 (8)  XL:     3   Next: 16%
Magic:  7/7        EV: 11    Int:  8 (11) God:
Gold:   12         SH:  0    Dex: 14 (16) Spells: 6/7 levels left

rFire   . . .      SeeInvis .    a - +0 shortbow
rCold   . . .      Faith    .    (shield currently unavailable)
rNeg    . . .      Spirit   .    e - +0 robe
rPois   .          Reflect  .    (no helmet)
rElec   .          Harm     .    (no cloak)
rCorr   .          Rampage  .    (no gloves)
Will    .....                    (no boots)
Stlth   ++........               (no amulet)
HPRegen 0.24/turn                (no ring)
MPRegen 0.10/turn                (no ring)

@: lethally poisoned (-1 -> -6)
A: fangs 1, strong nose, distributed training
a: no special abilities


You were on level 1 of the Dungeon.
You visited 1 branch of the dungeon, and saw 1 of its levels.

You collected 12 gold pieces.

Inventory:

Hand Weapons
 a - a +0 shortbow (weapon)
 c - a +0 dagger
 h - a +0 hand axe of flaming
Missiles
 b - 7 poisoned darts (quivered)
Armour
 e - a +0 robe (worn)
Scrolls
 f - a scroll of vulnerability {unknown}
 i - a scroll of poison {unknown}
Potions
 d - a potion of attraction


   Skills:
 + Level 2.6 Fighting
 + Level 0.7 Short Blades
 + Level 0.7 Long Blades
 + Level 0.7 Axes
 + Level 0.7 Maces & Flails
 + Level 0.7 Polearms
 + Level 0.7 Staves
 + Level 4.5 Ranged Weapons
 + Level 6.5 Throwing
 + Level 0.7 Armour
 + Level 0.7 Dodging
 + Level 0.7 Stealth
 + Level 0.7 Shields
 + Level 0.7 Unarmed Combat
 + Level 2.8 Spellcasting
 + Level 0.5 Conjurations
 + Level 0.5 Hexes
 + Level 0.5 Summonings
 + Level 0.5 Necromancy
 + Level 0.5 Translocations
 + Level 3.7 Transmutations
 + Level 0.5 Fire Magic
 + Level 0.5 Ice Magic
 + Level 0.5 Air Magic
 + Level 0.5 Earth Magic
 + Level 0.5 Poison Magic
 + Level 2.6 Invocations
 + Level 0.7 Evocations


You had 6 spell levels left.
You knew the following spells:

 Your Spells              Type           Power      Damage    Failure   Level
a - Sting                 Tmut/Pois      16%        1d3       14%         1

Your spell library contained the following spells:

 Spells                   Type           Power      Damage    Failure   Level
 Ignite Poison            Fire/Tmut/Pois 3%         N/A       45%         3


Dungeon Overview and Level Annotations

Branches:
Dungeon (1/15)

Altars:


Innate Abilities, Weirdness & Mutations

You have very sharp teeth.
Your uncanny sense of smell can sniff out nearby items.
Your experience applies equally to all skills.


Message History

You shoot an arrow. The arrow hits the hobgoblin.
You kill the hobgoblin!
The hobgoblin hits you.
You are too injured to fight recklessly!
You are too injured to fight recklessly!
You are too injured to fight recklessly!
You are too injured to fight recklessly!
You are too injured to fight recklessly!
You are too injured to fight recklessly!
You are too injured to fight recklessly!
You are too injured to fight recklessly!
You are too injured to fight recklessly!
You are too injured to fight recklessly!
You are too injured to fight recklessly!
You are too injured to fight recklessly!
You are too injured to fight recklessly!
Unknown command.
Throw: 8 darts (poison)
Press: ? - help, Q - select action, (/) - cycle Shift-Dir - straight line, f - goblin
Aim: a goblin, wielding a +0 dagger of venom (moderately wounded, 58% to hit)
You throw a poisoned dart. The poisoned dart hits the goblin.
The goblin is moderately wounded.
The hobgoblin barely misses you.
The goblin hits you with a +0 dagger of venom.
You are lethally poisoned!
Unknown command.
You shoot an arrow. The arrow hits the goblin.
The goblin is severely wounded.
* * * LOW HITPOINT WARNING * * *
You feel very sick. The goblin closely misses you.
The hobgoblin closely misses you.
You shoot an arrow. The arrow hits the goblin!
You kill the goblin!
* * * LOW HITPOINT WARNING * * *
You feel sick. The hobgoblin hits you.
* * * LOW HITPOINT WARNING * * *
It was a potion of degeneration.
There was something very wrong with that liquid.
You feel weakened.
You feel dopey.
You feel clumsy.
You die...

.........#.....†..§#...#
.........##....♣♣†♣§..###
........°#.⌠♣.♣.♣.♣♣.§#
#.........○.♣♣.∩.∩♣.♣☼♣#
.........#♣♣§♣∩...∩.♣♣.#
##....#....♣§§§.8..∩♣♣.♣
#....†...♣♣.§☼......∩.♣♣#
.........)♣♣..8.<.8......##
.........♣@♣∩.......∩♣.♣...
........g♣g♣§§..8..∩.♣.♣###
#.........♣♣§♣∩...∩♣.♣♣#
##...g....°§♣♣.∩.∩♣.♣.♣ #
###....###§§.♣♣..♣.⌠§# #
....... #.§.♣.♣♣(#### #
.........☼§.☼........# ##
.....)....###########.####†
.......... #...##.


You could see a hobgoblin.

Vanquished Creatures
  3 ball pythons (D:1)
  2 bats (D:1)
  A giant cockroach (D:1)
  2 goblins (D:1)
  4 hobgoblins (D:1)
  8 jackals (D:1)
  2 frilled lizards (D:1)
  A rat (D:1)
23 creatures vanquished.

Notes
Turn   | Place    | Note
-------+----------+-------------------------------------------
     0 | D:1      | arthad the Gnoll Wanderer began the quest for the Orb.
     0 | D:1      | arthad set off with the following items: a +0 shortbow, 8
                  | poisoned darts, a +0 dagger, a potion of attraction, a +0
                  | robe; and the following spell memorised: Sting; and the
                  | following spells available to memorise: Ignite Poison.
     0 | D:1      | Reached XP level 1. HP: 17/17 MP: 4/4
    37 | D:1      | Reached XP level 2. HP: 9/23 MP: 5/5
   245 | D:1      | Reached XP level 3. HP: 20/28 MP: 7/7
   257 | D:1      | HP: 1/28 [hobgoblin (2)]
   258 | D:1      | Succumbed to a goblin's poison

Illustrated notes

Levels and vault maps discovered:
D:1:      heliophobic_arrival_enchanted_forest, layout_rooms,
          minmay_statues_item

Action                   || total
-------------------------++-------
 Fire: Shortbow          ||    57
Throw: Dart              ||     2
  Use: Potion            ||     1
Armor: Robe              ||    17
Dodge: Dodged            ||    40

Table legend: (Time is in decaauts)
 A = Elapsed time spent in this place.
 B = Non-inter-level travel time spent in this place.
 C = Inter-level travel time spent in this place.
 D = Time resting spent in this place.
 E = Time spent auto-exploring this place.
 F = Levels seen in this place.
 G = Mean time per level.
                   A        B        C        D        E       F      G
               +--------+--------+--------+--------+--------+-----+--------+
         Total |    272 |    272 |      0 |      0 |    174 |   1 |  272.0 |
       Dungeon |    272 |    272 |      0 |      0 |    174 |   1 |  272.0 |
               +--------+--------+--------+--------+--------+-----+--------+

Top non-repeatable levels by time:
     D:1: 272 daAuts
